 Dungeon Crawl Stone Soup version 0.17-a0-688-g21a41e9 (webtiles) character file.

223 BluebellGnoll the Covert (level 5, -3/25 HPs)
             Began as a Spriggan Assassin on Apr 19, 2015.
             Killed from afar by Natasha (4 damage)
             ... with a wand of magic darts
             ... on level 2 of the Dungeon.
             The game lasted 00:04:15 (1773 turns).

BluebellGnoll the Covert (Spriggan Assassin)        Turns: 1773, Time: 00:04:15

Health: -3/25      AC:  3    Str:  7    XL:     5   Next: 66%
Magic:  6/6        EV: 17    Int: 14    God:
Gold:   35         SH:  0    Dex: 17    Spells: 0 memorised, 4 levels left

rFire  . . .     SeeInvis +     b - +0 blowgun
rCold  . . .     Clarity  .     c - +0 robe
rNeg   . . .     SustAb   .     (shield restricted)
rPois  .         Gourm    .     (helmet restricted)
rElec  .         Spirit   .     d - +0 cloak
rCorr  +         Warding  .     (gloves unavailable)
rMut   .         Stasis   .     (boots unavailable)
MR     .....                    r - amulet of resist corrosion
Stlth  +++++.....               (no ring)
                                (no ring)

@: very quick, not resistant to hostile enchantments, quite stealthy
A: unfitting armour, see invisible, herbivore 3, speed 3, slow metabolism 2
a: no special abilities


You were on level 2 of the Dungeon.
You were not hungry.

You visited 1 branch of the dungeon, and saw 2 of its levels.

You collected 35 gold pieces.

Inventory:

Hand weapons
 a - a +2 dagger
 b - a +0 blowgun (weapon)
Missiles
 e - 4 poisoned needles (quivered)
Armour
 c - a +0 robe (worn)
 d - a +0 cloak (worn)
Jewellery
 r - an amulet of resist corrosion (around neck)
Magical devices
 f - a wand of fireball (4)
Scrolls
 i - a scroll of fog {unknown}
 o - 2 scrolls of teleportation
 p - a scroll of amnesia
Potions
 h - a potion of heal wounds {unknown}
 l - a potion of magic {unknown}
Comestibles
 g - a bread ration


   Skills:
 - Level 1.5 Fighting
 - Level 2.1 Short Blades
 - Level 2.1 Throwing
 - Level 1.5 Dodging
 + Level 10.6 Stealth


You had 4 spell levels left.
You didn't know any spells.

Dungeon Overview and Level Annotations

Branches:
Dungeon (2/15)

Altars:
Qazlal

Annotations:
D:2 Natasha


Innate Abilities, Weirdness & Mutations

You are tiny and cannot use many weapons and most armour.
You have supernaturally acute eyesight.
You are a herbivore.
You cover ground extremely quickly.
You need consume almost no food.


Message History

Welcome back, BluebellGnoll the Spriggan Assassin.
Press ? for a list of commands and other information.
Natasha zaps a wand.
The magic dart hits you!
Natasha gestures.
You have a terrible headache.
Firing (i - inventory):
e - 6 poisoned needles (quivered)
Press: ? - help, Shift-Dir - straight line, f - Natasha
Aim: Natasha, carrying a wand of magic darts {zapped: 4} (poisoned, unusually agile)
You shoot a poisoned needle.
The poisoned needle closely misses Natasha.
Firing (i - inventory):
e - 5 poisoned needles (quivered)
Press: ? - help, Shift-Dir - straight line, f/p - Natasha
Aim: Natasha, carrying a wand of magic darts {zapped: 4} (moderately wounded, poisoned, unusually agile)
You shoot a poisoned needle. The poisoned needle hits Natasha!
Natasha looks even sicker.
Natasha is moderately wounded.
Natasha zaps a wand.
The magic dart hits you!
* * * LOW HITPOINT WARNING * * *
Natasha zaps a wand.
The magic dart hits you!
You die...

......#.#.†'.'..#h#..#####
.######.#..#.#..#.#......# ##
#.####.##'#.#.####.#
#...........#.# #.#
#.####.##'#.#.# #.########
#.#..'.'..#.#.# #.........
#.#..#.#..#.### #.######..
#.#'##.####.# #.# #.#
#.........@.### #.# #.#
#.#+##.####.#.# #.# #.#
###.#..'.+.)#.#.####.######.#
#####.#.#..#.#..#.#..........##.#
......#.####.##'#.#####..###.##.#
#####.#...........#.........#.#.#
###.####.##'#.#####....###..#
#.#..'.+..#.# ##.#....###
#.#..#.#..#.# #.....)...


You could see Natasha.

Vanquished Creatures
  Sigmund (D:2)
  Natasha (D:2)
  An adder (D:2)
  3 worms (D:2)
  4 bats
  5 goblins
  5 hobgoblins
  2 giant cockroaches (D:2)
  A giant newt (D:2)
  2 kobolds (D:2)
  2 rats (D:1)
27 creatures vanquished.

Notes
Turn   | Place    | Note
--------------------------------------------------------------
     0 | D:1      | BluebellGnoll, the Spriggan Assassin, began the quest for the Orb.
     0 | D:1      | Reached XP level 1. HP: 10/10 MP: 2/2
   118 | D:1      | Reached skill level 6 in Stealth
   660 | D:1      | Reached XP level 2. HP: 14/14 MP: 3/3
   744 | D:2      | Reached skill level 7 in Stealth
   776 | D:2      | Reached XP level 3. HP: 18/18 MP: 4/4
  1053 | D:2      | Noticed Sigmund
  1116 | D:2      | Killed Sigmund
  1116 | D:2      | Reached skill level 10 in Stealth
  1116 | D:2      | Reached XP level 4. HP: 15/22 MP: 5/5
  1116 | D:2      | Reached XP level 5. HP: 17/25 MP: 6/6
  1262 | D:2      | Found a stormy altar of Qazlal.
  1265 | D:2      | Noticed Natasha
  1300 | D:2      | Killed Natasha
  1755 | D:2      | Noticed Natasha
  1772 | D:2      | HP: 1/25 [Natasha/wand of magic darts (7)]
  1773 | D:2      | Killed from afar by Natasha

Action                   |  1- 3 |  4- 6 || total
-------------------------+-------+-------++-------
Melee: Dagger            |    38 |     7 ||    45
 Fire: Blowgun           |    15 |    13 ||    28
  Use: Scroll            |       |     8 ||     8
 Stab: Sleeping          |     9 |     1 ||    10
       Distracted        |     1 |       ||     1
  Eat: Royal jelly       |       |     1 ||     1
